[Event "Sunday 29 April Rapid Engine Tour 12+1 Rounds 9 Starts 1600 ST"]
[Site "Infinity Chess"]
[Date "2018.4.29"]
[Round "9"]
[White "star99"]
[Black "IronMan"]
[Result "1/2-1/2"]
[ECO "C26"]
[WhiteElo "2438"]
[BlackElo "2359"]
[WhiteEngine "Cryptic Heroes 9.4B"]
[BlackEngine "Eman 1.70-beta23 64-bit POPCNT"]
[EventType "Swiss"]
[WhiteTeam ""]
[BlackTeam ""]
[PlyCount "101"]
[TimeControl "720+1"]

1. e4 e5 2. Nc3 Nf6 3. g3 Bc5 4. Bg2 O-O 5. Nge2 a5 6. d4 exd4 7. Nxd4 d6 
8. O-O Bg4 9. Qd2 Re8 10. b3 a4 11. a3 axb3 12. cxb3 c6 13. Bb2 Nbd7 14. h3 Bxd4 
15. Qxd4 Be6 16. Qxd6 Bxb3 17. Qb4 Qb6 18. Rfb1 Bc2 19. Re1 Qxb4 20. axb4 Ne5 
21. b5 Nd3 22. Re2 Rxa1+ 23. Bxa1 Bb3 24. bxc6 bxc6 25. Nb1 Ra8 26. Bc3 Bc4 
27. Rd2 Nd7 28. Rd1 Bb5 29. Bf1 N7c5 30. Bd4 Nb3 31. Be3 Nb2 32. Rd7 f6 
33. Bxb5 cxb5 34. Nc3 b4 35. Nd5 Nc4 36. Ba7 Ne5 37. Rc7 Nd3 38. Kf1 Nbc1 
39. f3 b3 40. Bd4 Kf8 41. Rb7 Ra4 42. Rb8+ Kf7 43. Rb7+ Ke6 44. Ba7 Ke5 
45. Nc3 Rb4 46. f4+ Kd6 47. Bb8+ Kc5 48. Rc7+ Kd6 49. Rb7+ Kc5 50. Rc7+ Kd6 
51. Rb7+ 1/2-1/2

[Event "Sunday 29 April Rapid Engine Tour 12+1 Rounds 9 Starts 1600 ST"]
[Site "Infinity Chess"]
[Date "2018.4.29"]
[Round "9"]
[White "Eman"]
[Black "fsher"]
[Result "1/2-1/2"]
[ECO "B12"]
[WhiteElo "2424"]
[BlackElo "2374"]
[WhiteEngine "Eman 1.70-beta27 64-bit BMI2"]
[BlackEngine "stockfish_17060619_x64_modern_CTG"]
[EventType "Swiss"]
[WhiteTeam ""]
[BlackTeam ""]
[PlyCount "120"]
[TimeControl "720+1"]

1. e4 c6 2. d4 d5 3. e5 c5 4. Nf3 cxd4 5. Nxd4 Nc6 6. c4 e6 7. Nc3 Bc5 
8. Nxc6 bxc6 9. Be2 Ne7 10. O-O Nf5 11. cxd5 cxd5 12. Bd3 O-O 13. b3 Qa5 
14. Na4 Bd4 15. Bd2 Qc7 16. Rc1 Qxe5 17. Bb4 Rd8 18. Ba5 Rf8 19. Bxf5 exf5 
20. Qd2 Qf6 21. Rfd1 Bb6 22. Qxd5 Be6 23. Qb5 Bxa5 24. Qxa5 Rfd8 25. Rxd8+ Qxd8 
26. Qxd8+ Rxd8 27. Nc5 Rd2 28. a4 Kf8 29. Nxe6+ fxe6 30. g3 Ke7 31. Kf1 a5 
32. Rc8 Rd1+ 33. Kg2 h6 34. h4 Rd5 35. Kf1 g5 36. hxg5 hxg5 37. Ke2 g4 
38. Ra8 Kf6 39. Ra6 Ke7 40. Ra7+ Kf6 41. Ke3 Kg5 42. Ke2 Re5+ 43. Kd2 Rc5 
44. Ra8 Rd5+ 45. Ke2 Rc5 46. Kd3 e5 47. Rh8 e4+ 48. Kd2 Rc6 49. Ra8 Rd6+ 
50. Ke2 Rd5 51. Rf8 Rd3 52. Rb8 Rf3 53. Rb5 Kf6 54. Rxa5 Rxb3 55. Rb5 Ra3 
56. a5 Ra4 57. Rb6+ Ke5 58. Rb5+ Kf6 59. Rb6+ Ke5 60. Rb5+ Kf6 1/2-1/2

[Event "Sunday 29 April Rapid Engine Tour 12+1 Rounds 9 Starts 1600 ST"]
[Site "Infinity Chess"]
[Date "2018.4.29"]
[Round "9"]
[White "KQRBNP"]
[Black "HerzsjeMZ"]
[Result "1/2-1/2"]
[ECO "D02"]
[WhiteElo "2330"]
[BlackElo "2450"]
[WhiteEngine "Eman 1.70-beta28 64-bit POPCNT"]
[BlackEngine "SugaR.XPrO.1.4.64.POCNT"]
[EventType "Swiss"]
[WhiteTeam ""]
[BlackTeam ""]
[PlyCount "159"]
[TimeControl "720+1"]

1. d4 d5 2. Nf3 Nf6 3. c4 e6 4. Nc3 c6 5. e3 Nbd7 6. Bd3 dxc4 7. Bxc4 b5 
8. Bd3 Bb7 9. a3 Bd6 10. O-O O-O 11. Qc2 a5 12. Rd1 b4 13. Na4 c5 14. dxc5 Rc8 
15. axb4 axb4 16. Qe2 Nxc5 17. Nxc5 Rxc5 18. h3 h6 19. e4 Ra5 20. Rxa5 Qxa5 
21. Nd2 Qe5 22. Nf3 Qa5 23. Nd2 Qe5 24. g3 Bc5 25. Kh2 Qb8 26. Nb3 Bd6 
27. Na5 Ba8 28. Nc4 Bc7 29. b3 Rd8 30. Bb2 Qa7 31. Ra1 Qc5 32. Kg1 Bb7 
33. Qf3 Rxd3 34. Qxd3 Nxe4 35. Qd4 Qg5 36. Re1 Nxf2 37. Kxf2 Bxg3+ 38. Ke2 Bxe1 
39. Kxe1 Qg3+ 40. Kd2 Qg2+ 41. Kc1 f6 42. Qg4 Qh1+ 43. Kd2 Qd5+ 44. Kc2 h5 
45. Qg6 Qe4+ 46. Qxe4 Bxe4+ 47. Kd2 h4 48. Ne3 Kf7 49. Bd4 e5 50. Bc5 Bb7 
51. Nf5 Kg6 52. Nxh4+ Kg5 53. Bf2 f5 54. Ke2 Ba6+ 55. Kd1 Bf1 56. Nf3+ Kf4 
57. Ng1 Bg2 58. Be1 Bd5 59. Bxb4 Bxb3+ 60. Ke2 Kg3 61. Be1+ Kg2 62. Nf3 Kxh3 
63. Nxe5 f4 64. Ng6 f3+ 65. Kf2 Kg4 66. Bb4 Kh5 67. Nf4+ Kg4 68. Ng6 Bd1 
69. Bc3 Bc2 70. Ne7 g5 71. Be5 Be4 72. Bf6 Bb1 73. Be5 Bd3 74. Nd5 Be4 
75. Ne3+ Kh5 76. Kg3 f2 77. Kxf2 Kh4 78. Bf6 Bd3 79. Bd8 Kh5 80. Nd5 1/2-1/2

[Event "Sunday 29 April Rapid Engine Tour 12+1 Rounds 9 Starts 1600 ST"]
[Site "Infinity Chess"]
[Date "2018.4.29"]
[Round "9"]
[White "Dovahkiin"]
[Black "ocirema"]
[Result "1/2-1/2"]
[ECO "C77"]
[WhiteElo "2386"]
[BlackElo "2405"]
[WhiteEngine "BrainFish_180423_x64_modern_CTG"]
[BlackEngine "asmFishW_9_popcnt"]
[EventType "Swiss"]
[WhiteTeam ""]
[BlackTeam ""]
[PlyCount "68"]
[TimeControl "720+1"]

1. e4 e5 2. Nf3 Nc6 3. Bb5 a6 4. Ba4 Nf6 5. O-O Be7 6. Re1 b5 7. Bb3 O-O 
8. a4 b4 9. d4 d6 10. dxe5 Nxe5 11. Nxe5 dxe5 12. Qe2 Bc5 13. Nd2 a5 14. Nc4 Ng4 
15. Ne3 Qf6 16. h3 Nxe3 17. Bxe3 Bd4 18. Bxd4 exd4 19. e5 Qb6 20. Bd5 Rb8 
21. b3 c5 22. Rad1 Be6 23. Be4 g6 24. Qd2 Rfc8 25. h4 Bg4 26. Rc1 Qe6 
27. Bd3 Bf5 28. Be2 Rb6 29. Bb5 Kg7 30. f3 Qe7 31. Qf2 Be6 32. Rcd1 Bf5 
33. Rd2 h6 34. Qg3 Qe6 1/2-1/2

[Event "Sunday 29 April Rapid Engine Tour 12+1 Rounds 9 Starts 1600 ST"]
[Site "Infinity Chess"]
[Date "2018.4.29"]
[Round "9"]
[White "Katzenmaier"]
[Black "Medusa"]
[Result "1/2-1/2"]
[ECO "C55"]
[WhiteElo "2439"]
[BlackElo "2463"]
[WhiteEngine "Raubfisch X38b1"]
[BlackEngine "Eman 1.70-beta23 64-bit BMI2"]
[EventType "Swiss"]
[WhiteTeam ""]
[BlackTeam ""]
[PlyCount "142"]
[TimeControl "720+1"]

1. e4 e5 2. Nf3 Nc6 3. Bc4 Nf6 4. d3 Bc5 5. c3 O-O 6. O-O d6 7. Bg5 h6 8. Bh4 g5 
9. Bg3 Na5 10. b4 Nxc4 11. bxc5 Na5 12. Re1 Nh5 13. cxd6 cxd6 14. Nbd2 Be6 
15. Nf1 b6 16. Nd4 Nxg3 17. Nxe6 fxe6 18. hxg3 Rc8 19. Qd2 h5 20. Ne3 Qc7 
21. Rac1 Kh7 22. Qe2 Kg6 23. Red1 Rf6 24. Kh2 Qc6 25. d4 Nc4 26. d5 Qc5 
27. dxe6 Nxe3 28. fxe3 g4 29. Ra1 Qxc3 30. Rf1 Qc7 31. Rxf6+ Kxf6 32. Rf1+ Kxe6 
33. Qf2 Qh7 34. Qf6+ Kd7 35. Rd1 Qe7 36. Qf5+ Kd8 37. Rf1 Qe8 38. Qg5+ Kc7 
39. Qg7+ Kb8 40. Rf7 Qc6 41. Rxa7 Rc7 42. Rxc7 Qxc7 43. Qh8+ Kb7 44. Qxh5 Qg7 
45. a3 Qg8 46. a4 Kc7 47. Qh6 Qf7 48. Kg1 Qg8 49. Qh5 Kb7 50. Kh2 Kc7 
51. Kg1 Kc6 52. Qh4 Qb3 53. Qxg4 Qxa4 54. Qc8+ Kb5 55. g4 Qxe4 56. Kf2 d5 
57. Qf5 Qxf5+ 58. gxf5 Kc6 59. Ke2 Kd6 60. g4 b5 61. g5 b4 62. f6 Ke6 
63. Kd3 e4+ 64. Kc2 d4 65. exd4 e3 66. d5+ Kxd5 67. f7 b3+ 68. Kxb3 e2 
69. g6 e1=Q 70. f8=Q Qb1+ 71. Ka4 Qxg6 1/2-1/2

[Event "Sunday 29 April Rapid Engine Tour 12+1 Rounds 9 Starts 1600 ST"]
[Site "Infinity Chess"]
[Date "2018.4.29"]
[Round "9"]
[White "Murx"]
[Black "angriff"]
[Result "1/2-1/2"]
[ECO "D00"]
[WhiteElo "2504"]
[BlackElo "2432"]
[WhiteEngine "asmFishW_2018-04-07_popcnt"]
[BlackEngine "DracoREX 3.07 64BIT POPCNT_CTG"]
[EventType "Swiss"]
[WhiteTeam ""]
[BlackTeam ""]
[PlyCount "164"]
[TimeControl "720+1"]

1. d4 d5 2. Bf4 Nf6 3. Nf3 c5 4. c3 Nc6 5. e3 Nh5 6. dxc5 Nxf4 7. exf4 e6 
8. b4 g6 9. b5 Ne7 10. Qd4 Rg8 11. Qa4 Qc7 12. b6+ Bd7 13. Bb5 Bxb5 
14. Qxb5+ Qd7 15. a4 axb6 16. Qxb6 Nc8 17. Qb3 Bxc5 18. Nbd2 Nd6 19. c4 dxc4 
20. Nxc4 Nxc4 21. Qxc4 Qd5 22. Qxd5 exd5 23. Ke2 Kd7 24. Ne5+ Ke6 25. a5 Rgc8 
26. Rhb1 Ra7 27. Nd3 Bd4 28. Ra2 Kd6 29. Rb5 Rc3 30. g3 f6 31. Rb1 Rc4 
32. Kf3 Rc3 33. Ke2 f5 34. Rd2 Rc7 35. Rb5 Kc6 36. Rb4 Bc3 37. Rb6+ Kd7 
38. Ne5+ Kc8 39. Rxd5 Rxa5 40. Rxa5 Bxa5 41. Rb5 Rc2+ 42. Kf3 b6 43. h3 Rc5 
44. Rxc5+ bxc5 45. Ke2 Kc7 46. Kd3 Be1 47. Ke2 Bc3 48. Nf7 Bf6 49. Kd3 Bd4 
50. Ke2 Bf6 51. Kd3 Bd4 52. f3 Kd7 53. Kc4 Ke7 54. Ne5 Kd6 55. Nf7+ Ke7 
56. Ne5 Kd6 57. Nd3 Be3 58. Ne5 Bf2 59. g4 Be3 60. gxf5 gxf5 61. Nf7+ Ke7 
62. Ne5 Bxf4 63. Nd3 Bg3 64. Nxc5 Bd6 65. Nd3 Ke6 66. Kd4 h5 67. f4 h4 
68. Ke3 Kd5 69. Kf3 Ba3 70. Ne1 Kd6 71. Ng2 Ke6 72. Nxh4 Bc5 73. Ng2 Be7 
74. h4 Kf6 75. h5 Bf8 76. h6 Ba3 77. Nh4 Bb4 78. h7 Kg7 79. h8=Q+ Kxh8 
80. Nxf5 Kh7 81. Ne3 Kg7 82. f5 Bd6 1/2-1/2

[Event "Sunday 29 April Rapid Engine Tour 12+1 Rounds 9 Starts 1600 ST"]
[Site "Infinity Chess"]
[Date "2018.4.29"]
[Round "9"]
[White "Marsell"]
[Black "Deep_Impact"]
[Result "1/2-1/2"]
[ECO "C53"]
[WhiteElo "2443"]
[BlackElo "2522"]
[WhiteEngine "BrainFish_180418_x64_bmi2"]
[BlackEngine "asmFishW_2018-04-24_bmi2"]
[EventType "Swiss"]
[WhiteTeam ""]
[BlackTeam ""]
[PlyCount "90"]
[TimeControl "720+1"]

1. e4 e5 2. Nf3 Nc6 3. Bc4 Bc5 4. c3 Nf6 5. d3 d6 6. O-O a5 7. Bg5 Ba7 
8. Nbd2 h6 9. Bh4 Qe7 10. Bb5 g5 11. Bg3 O-O 12. Nc4 Nb8 13. Ba4 Be6 
14. Ne3 Bxe3 15. fxe3 Nbd7 16. Bc2 Bg4 17. h3 Bh5 18. a4 c6 19. Qe1 Bg6 
20. Qf2 b5 21. Nd2 Rfb8 22. axb5 cxb5 23. c4 Rc8 24. b3 a4 25. Ra2 Kg7 
26. cxb5 axb3 27. Bxb3 Rxa2 28. Bxa2 Rc2 29. Bb3 Rc3 30. Bc4 Nb6 31. Qe2 Bh5 
32. Qe1 Nxc4 33. Nxc4 Nxe4 34. b6 Rxd3 35. Qb4 Nxg3 36. b7 Nxf1 37. b8=Q Nxe3 
38. Nxd6 Kh7 39. Qe4+ Bg6 40. Qea8 Rd1+ 41. Kh2 Nf1+ 42. Kh1 Nd2+ 43. Kh2 Nf1+ 
44. Kh1 Ng3+ 45. Kh2 Nf1+ 1/2-1/2

[Event "Sunday 29 April Rapid Engine Tour 12+1 Rounds 9 Starts 1600 ST"]
[Site "Infinity Chess"]
[Date "2018.4.29"]
[Round "9"]
[White "Susanne"]
[Black "KhalidOmar"]
[Result "1-0"]
[ECO "B90"]
[WhiteElo "2542"]
[BlackElo "2460"]
[WhiteEngine "asmFishW_IX_bmi2_CTG"]
[BlackEngine "Eman 1.70-beta28 64-bit BMI2"]
[EventType "Swiss"]
[WhiteTeam ""]
[BlackTeam ""]
[PlyCount "165"]
[TimeControl "720+1"]

1. e4 c5 2. Nf3 d6 3. d4 cxd4 4. Nxd4 Nf6 5. Nc3 a6 6. Be3 e5 7. Nb3 Be6 
8. f3 Nbd7 9. g4 Be7 10. Qd2 O-O 11. g5 Nh5 12. O-O-O b5 13. Kb1 Nb6 
14. Nd5 Bxd5 15. exd5 Qc7 16. Na5 Nxd5 17. Qxd5 Qxa5 18. Bd3 g6 19. c4 Qd8 
20. h4 b4 21. Be4 Qc7 22. Qd3 Rae8 23. b3 a5 24. Rh2 Kh8 25. Bd5 Bd8 26. Qe4 Kg7 
27. Rg2 Kg8 28. Bc6 Re6 29. Ba8 Ree8 30. Bd5 Be7 31. Re1 Bd8 32. Bc6 Re6 
33. Bd5 Ree8 34. Bc6 Re6 35. Rd1 Qb8 36. Rgd2 Qc7 37. Rg2 Qb8 38. Rgd2 Qc7 
39. Bf2 Nf4 40. Bb7 Qb8 41. Qc6 Bc7 42. Qe4 Rfe8 43. Be3 Rd8 44. Bd5 Nxd5 
45. Rxd5 Qc8 46. Rb5 Re7 47. h5 Rde8 48. h6 Qf5 49. Kb2 Qc8 50. Qd5 Qe6 
51. a3 bxa3+ 52. Kxa3 Qd7 53. Rb7 Qe6 54. Ka4 Qd7+ 55. Qb5 Qe6 56. Bb6 Bb8 
57. Rxe7 Qxe7 58. Qc6 Qe6 59. Kxa5 Rf8 60. Kb4 d5 61. Kb5 Qxc6+ 62. Kxc6 d4 
63. b4 f5 64. c5 Re8 65. Kd7 Kf7 66. Bd8 e4 67. fxe4 Rxe4 68. b5 Re5 69. Kc6 Ke8 
70. Bf6 Re4 71. Kb7 Bg3 72. c6 Re2 73. Rxd4 f4 74. c7 Rc2 75. c8=Q+ Rxc8 
76. Kxc8 Kf7 77. Re4 f3 78. Kd7 Bd6 79. Kxd6 f2 80. Bg7 f1=Q 81. Re7+ Kg8 
82. Re8+ Kf7 83. Rf8# 1-0

[Event "Sunday 29 April Rapid Engine Tour 12+1 Rounds 9 Starts 1600 ST"]
[Site "Infinity Chess"]
[Date "2018.4.29"]
[Round "9"]
[White "CoffeeOne"]
[Black "Gilgamesch"]
[Result "1/2-1/2"]
[ECO "C50"]
[WhiteElo "2479"]
[BlackElo "2507"]
[WhiteEngine "cfish-2018-04-25-2"]
[BlackEngine "BrainFish_180408_x64_bmi2"]
[EventType "Swiss"]
[WhiteTeam ""]
[BlackTeam ""]
[PlyCount "110"]
[TimeControl "720+1"]

1. e4 e5 2. Nf3 Nc6 3. Bc4 Bc5 4. O-O Nf6 5. d3 d6 6. c3 O-O 7. h3 a5 8. Re1 h6 
9. Bb3 Ba7 10. Nbd2 Be6 11. Ba4 Rb8 12. Nf1 b5 13. Bc2 d5 14. exd5 Nxd5 
15. Ng3 Qd6 16. Qe2 Rfe8 17. Nh4 Bd7 18. Nhf5 Qf6 19. Qf3 Nce7 20. Nxe7+ Rxe7 
21. Qxf6 Nxf6 22. d4 Rbe8 23. Rxe5 Rxe5 24. dxe5 Nd5 25. Bd2 Rxe5 26. Rd1 Bb6 
27. b3 Nf6 28. c4 bxc4 29. bxc4 Rc5 30. Bd3 Rc6 31. Bf4 Kf8 32. Bc1 Be6 
33. Nf5 Ne8 34. Ba3+ Nd6 35. Nxd6 cxd6 36. Rb1 Bc5 37. Rb8+ Ke7 38. Bb2 g6 
39. Bc3 a4 40. Bd2 g5 41. Rb7+ Kd8 42. Kf1 Bb6 43. Ke2 Kc8 44. Re7 Bxc4 
45. Bxc4 Rxc4 46. Kd3 Rc7 47. Re8+ Kb7 48. f4 Rc5 49. Re7+ Kc6 50. Rxf7 Rd5+ 
51. Kc2 Rc5+ 52. Kb1 Rb5+ 53. Kc2 Rc5+ 54. Kb1 Rd5 55. Kc2 Rc5+ 1/2-1/2

[Event "Sunday 29 April Rapid Engine Tour 12+1 Rounds 9 Starts 1600 ST"]
[Site "Infinity Chess"]
[Date "2018.4.29"]
[Round "9"]
[White "KRAKEN"]
[Black "hafaba"]
[Result "1-0"]
[ECO "E15"]
[WhiteElo "2567"]
[BlackElo "2425"]
[WhiteEngine "Raubfisch ME262_GTZ17b3._CTG"]
[BlackEngine "Eman 1.70-beta21 64-bit POPCNT_CTG"]
[EventType "Swiss"]
[WhiteTeam ""]
[BlackTeam ""]
[PlyCount "181"]
[TimeControl "720+1"]

1. d4 Nf6 2. c4 e6 3. Nf3 b6 4. g3 Ba6 5. b3 Bb4+ 6. Bd2 Be7 7. Nc3 O-O 
8. Bg2 c6 9. e4 d5 10. exd5 cxd5 11. Ne5 Bb7 12. O-O Nc6 13. Bf4 Na5 14. Rc1 Rc8 
15. Qe2 Ba3 16. Rc2 Bb4 17. Bg5 Ba6 18. Rd1 dxc4 19. bxc4 Bxc3 20. Rxc3 h6 
21. Bxf6 gxf6 22. Ng4 Nxc4 23. Rf3 Ne5 24. Qxa6 Nxg4 25. Qa4 f5 26. d5 Qc7 
27. dxe6 fxe6 28. Re1 Qf7 29. Ra3 Rc7 30. h3 Nf6 31. Qf4 Ne4 32. Qxh6 Nc5 
33. Qf4 Re7 34. Rd1 Qf6 35. Rd6 Ref7 36. Bf1 Kg7 37. Rf3 Rd8 38. Rxd8 Qxd8 
39. g4 Kh7 40. Kh2 Qf6 41. g5 Qd8 42. Bb5 Qc7 43. h4 Qxf4+ 44. Rxf4 e5 
45. Rf3 Rf8 46. Re3 e4 47. Rc3 Rd8 48. Rc2 Kg6 49. Kg3 Rd4 50. a4 a5 51. Rc1 Kh7 
52. Kf4 Rd5 53. Ke3 Rd8 54. Be2 Kh8 55. Rd1 Rf8 56. Rd6 f4+ 57. Kd4 e3 
58. fxe3 f3 59. Bf1 Kg7 60. h5 Rf5 61. Rg6+ Kh7 62. e4 Rxg5 63. Rxg5 Ne6+ 
64. Ke3 Nxg5 65. e5 Nf7 66. e6 Nh6 67. Kxf3 Kg7 68. Ke4 Kf6 69. Kd5 Nf5 
70. Bd3 Nh6 71. Kd6 Ng8 72. Kd7 Ke5 73. h6 Nf6+ 74. Kc6 Kxe6 75. h7 Nxh7 
76. Bxh7 Ke5 77. Kxb6 Kd6 78. Kxa5 Kc5 79. Ka6 Kc6 80. a5 Kc5 81. Kb7 Kd4 
82. Kb6 Ke5 83. a6 Kd4 84. a7 Ke5 85. a8=Q Kf6 86. Qe4 Kg5 87. Kc5 Kh5 
88. Qg2 Kh4 89. Bf5 Kh5 90. Kd6 Kh6 91. Qg6# 1-0

[Event "Sunday 29 April Rapid Engine Tour 12+1 Rounds 9 Starts 1600 ST"]
[Site "Infinity Chess"]
[Date "2018.4.29"]
[Round "8"]
[White "hafaba"]
[Black "Gilgamesch"]
[Result "1/2-1/2"]
[ECO "C77"]
[WhiteElo "2421"]
[BlackElo "2511"]
[WhiteEngine "Eman 1.70-beta21 64-bit POPCNT_CTG"]
[BlackEngine "BrainFish_180408_x64_bmi2"]
[EventType "Swiss"]
[WhiteTeam ""]
[BlackTeam ""]
[PlyCount "59"]
[TimeControl "720+1"]

1. e4 e5 2. Nf3 Nc6 3. Bb5 a6 4. Ba4 Nf6 5. O-O Be7 6. Re1 b5 7. Bb3 O-O 
8. c3 d5 9. exd5 Nxd5 10. Nxe5 Nxe5 11. Rxe5 c6 12. d4 Bd6 13. Re1 Qh4 
14. g3 Qh3 15. Be3 Be6 16. Qf3 a5 17. a4 Rab8 18. Bd2 h6 19. axb5 Rxb5 
20. Ba4 Rxb2 21. Bxc6 Nf6 22. Bc1 Rc2 23. Rxa5 Ng4 24. Qg2 Nxf2 25. Bd2 Qxg2+ 
26. Bxg2 Nh3+ 27. Kh1 Nf2+ 28. Kg1 Nh3+ 29. Kh1 Nf2+ 30. Kg1 1/2-1/2

[Event "Sunday 29 April Rapid Engine Tour 12+1 Rounds 9 Starts 1600 ST"]
[Site "Infinity Chess"]
[Date "2018.4.29"]
[Round "8"]
[White "IronMan"]
[Black "Eman"]
[Result "1/2-1/2"]
[ECO "E10"]
[WhiteElo "2356"]
[BlackElo "2427"]
[WhiteEngine "Eman 1.70-beta23 64-bit POPCNT"]
[BlackEngine "Eman 1.70-beta27 64-bit BMI2"]
[EventType "Swiss"]
[WhiteTeam ""]
[BlackTeam ""]
[PlyCount "82"]
[TimeControl "720+1"]

1. d4 Nf6 2. c4 e6 3. Nf3 d5 4. Nc3 c6 5. e3 Nbd7 6. Qc2 Bd6 7. g4 h6 
8. Bd2 dxc4 9. Bxc4 b5 10. Be2 Bb7 11. e4 c5 12. e5 cxd4 13. exf6 dxc3 
14. fxg7 cxd2+ 15. Qxd2 Rg8 16. Qxd6 Rxg7 17. Rg1 Qe7 18. Qd4 e5 19. Qe3 Qb4+ 
20. Kf1 Rxg4 21. Rxg4 Qxg4 22. Nxe5 Qg2+ 23. Ke1 Nxe5 24. Qxe5+ Kf8 25. Qh8+ Ke7 
26. Qxh6 Qh1+ 27. Bf1 Qe4+ 28. Qe3 Qxe3+ 29. fxe3 Rh8 30. h3 a6 31. Rc1 Bc8 
32. Rc2 Bf5 33. Rc7+ Kd6 34. Ra7 Bxh3 35. Rxa6+ Kc5 36. Be2 Be6 37. a3 Rh1+ 
38. Kd2 Rh2 39. Ke1 Rh1+ 40. Kf2 Rh2+ 41. Ke1 Rh1+ 1/2-1/2

[Event "Sunday 29 April Rapid Engine Tour 12+1 Rounds 9 Starts 1600 ST"]
[Site "Infinity Chess"]
[Date "2018.4.29"]
[Round "8"]
[White "ocirema"]
[Black "fsher"]
[Result "1/2-1/2"]
[ECO "B12"]
[WhiteElo "2406"]
[BlackElo "2373"]
[WhiteEngine "asmFishW_9_popcnt"]
[BlackEngine "stockfish_17060619_x64_modern_CTG"]
[EventType "Swiss"]
[WhiteTeam ""]
[BlackTeam ""]
[PlyCount "115"]
[TimeControl "720+1"]

1. e4 c6 2. d4 d6 3. c4 Nf6 4. Nc3 e5 5. Nf3 Bg4 6. Be3 Nbd7 7. h3 Bh5 
8. Be2 Bg6 9. Qc2 exd4 10. Nxd4 d5 11. cxd5 cxd5 12. Qb3 Bc5 13. exd5 Qb8 
14. O-O-O Qe5 15. Rhe1 O-O 16. g3 Qe7 17. Bc4 Ne5 18. Bf4 Bxd4 19. Bxe5 Bxe5 
20. d6 Qe8 21. Bb5 Qc8 22. Rxe5 Qxh3 23. Qb4 a6 24. Bf1 Qh6+ 25. Qf4 Qxf4+ 
26. gxf4 Bh5 27. Rd3 Bg4 28. Bg2 Rab8 29. Re7 Rfd8 30. Rxb7 h5 31. Ne4 Nxe4 
32. Rxb8 Rxb8 33. Bxe4 Bd7 34. b3 h4 35. f5 Rb4 36. f3 Kh7 37. Kd2 Kh6 
38. a3 Rb8 39. b4 Kg5 40. Ke3 h3 41. Kf2 Kf4 42. Rd4 Ke5 43. Rd1 Kf4 44. Rd4 Ke5 
45. Rd1 Kf4 46. Kg1 g5 47. fxg6 fxg6 48. Rd5 g5 49. Rd4 g4 50. Bc6+ Ke3 
51. Bxd7 Kxd4 52. Bxg4 Kc3 53. Bxh3 Kb3 54. d7 Kxa3 55. Bf1 Rd8 56. f4 Rxd7 
57. Bxa6 Rf7 58. b5 1/2-1/2

[Event "Sunday 29 April Rapid Engine Tour 12+1 Rounds 9 Starts 1600 ST"]
[Site "Infinity Chess"]
[Date "2018.4.29"]
[Round "8"]
[White "KhalidOmar"]
[Black "Katzenmaier"]
[Result "1/2-1/2"]
[ECO "C77"]
[WhiteElo "2461"]
[BlackElo "2438"]
[WhiteEngine "Eman 1.70-beta28 64-bit BMI2"]
[BlackEngine "Raubfisch X38b1"]
[EventType "Swiss"]
[WhiteTeam ""]
[BlackTeam ""]
[PlyCount "155"]
[TimeControl "720+1"]

1. e4 e5 2. Nf3 Nc6 3. Bb5 a6 4. Ba4 Nf6 5. O-O Be7 6. Re1 b5 7. Bb3 O-O 
8. a4 b4 9. a5 d6 10. d3 Be6 11. Bxe6 fxe6 12. c3 Rb8 13. Nbd2 Rb5 14. d4 Qe8 
15. dxe5 dxe5 16. Nc4 h6 17. Bd2 Qg6 18. Qe2 Bc5 19. h3 bxc3 20. bxc3 Ba7 
21. Ra2 Rd8 22. Kh1 Qh5 23. Kg1 Qe8 24. Rb2 Rdb8 25. Rxb5 Rxb5 26. g3 Nd7 
27. Kg2 Nxa5 28. Ra1 Nxc4 29. Qxc4 Bb6 30. Rxa6 Rb2 31. Ra2 Rxa2 32. Qxa2 Nc5 
33. Nxe5 Nxe4 34. Be1 Nd6 35. f3 Nf7 36. Nd3 Qc6 37. g4 g5 38. Qb3 Kg7 
39. Bg3 Kf6 40. Qc2 Bd4 41. Be1 Qc4 42. Nb2 Qc6 43. Nd3 Qc4 44. h4 Be5 
45. h5 Ke7 46. Qe2 Bd6 47. Qe3 Kd7 48. Qd2 Kd8 49. Kf2 Qd5 50. Kg2 Qc4 
51. Qc2 Kd7 52. Qe2 Ke7 53. Kf2 Qd5 54. Kf1 Qc6 55. Bd2 Qa8 56. c4 Qa1+ 
57. Qe1 Qd4 58. Qe4 Qxe4 59. fxe4 Be5 60. Ke2 Bd4 61. Kf3 Kd8 62. Be3 Bc3 
63. Bc5 Ke8 64. Ba3 Bg7 65. Ke3 Nd6 66. Bxd6 cxd6 67. Kf3 Kf7 68. e5 Ke7 
69. Ke4 Kd7 70. Kd4 Kc6 71. Ke4 dxe5 72. Ke3 e4 73. Kxe4 Kd6 74. Nc1 Kc5 
75. Kd3 Kd6 76. Ke4 Kc5 77. Kd3 Kd6 78. Ke4 1/2-1/2

[Event "Sunday 29 April Rapid Engine Tour 12+1 Rounds 9 Starts 1600 ST"]
[Site "Infinity Chess"]
[Date "2018.4.29"]
[Round "8"]
[White "KQRBNP"]
[Black "Marsell"]
[Result "1/2-1/2"]
[ECO "C55"]
[WhiteElo "2325"]
[BlackElo "2448"]
[WhiteEngine "Eman 1.70-beta28 64-bit POPCNT"]
[BlackEngine "BrainFish_180418_x64_bmi2"]
[EventType "Swiss"]
[WhiteTeam ""]
[BlackTeam ""]
[PlyCount "114"]
[TimeControl "720+1"]

1. e4 e5 2. Nf3 Nc6 3. Bc4 Nf6 4. d3 Bc5 5. c3 d6 6. h3 a5 7. Bb3 O-O 8. O-O h6 
9. Re1 Ba7 10. Nbd2 Be6 11. Nc4 b5 12. Na3 Rb8 13. Nc2 a4 14. Bxe6 fxe6 
15. Nb4 Nxb4 16. cxb4 Rc8 17. Be3 Bxe3 18. Rxe3 c5 19. bxc5 Rxc5 20. d4 exd4 
21. Nxd4 Qd7 22. Qd3 e5 23. Nf5 d5 24. Qa3 Qc7 25. Rg3 Nh5 26. Rc3 Rxc3 
27. Qxc3 Qxc3 28. bxc3 Nf4 29. Ne7+ Kf7 30. Nxd5 Nxd5 31. exd5 Rd8 32. Rd1 Ke7 
33. f3 Kd6 34. Kf2 Rc8 35. Rd3 g6 36. Ke2 h5 37. Re3 Kxd5 38. Kd3 Rb8 
39. Re2 Rh8 40. Rb2 Kc5 41. Rb4 Rd8+ 42. Ke2 g5 43. a3 Rd6 44. g3 Rc6 
45. Kd3 Rb6 46. c4 bxc4+ 47. Rxc4+ Kd5 48. Rxa4 Rb3+ 49. Ke2 Rb2+ 50. Kf1 Rb1+ 
51. Ke2 Rb2+ 52. Ke1 Rb1+ 53. Kd2 Rb2+ 54. Ke1 Rb1+ 55. Kd2 Rb2+ 56. Kd3 Rb3+ 
57. Ke2 Rb2+ 1/2-1/2

[Event "Sunday 29 April Rapid Engine Tour 12+1 Rounds 9 Starts 1600 ST"]
[Site "Infinity Chess"]
[Date "2018.4.29"]
[Round "8"]
[White "Dovahkiin"]
[Black "CoffeeOne"]
[Result "1/2-1/2"]
[ECO "C77"]
[WhiteElo "2382"]
[BlackElo "2483"]
[WhiteEngine "BrainFish_180423_x64_modern_CTG"]
[BlackEngine "cfish-2018-04-25-2"]
[EventType "Swiss"]
[WhiteTeam ""]
[BlackTeam ""]
[PlyCount "83"]
[TimeControl "720+1"]

1. e4 e5 2. Nf3 Nc6 3. Bb5 a6 4. Ba4 Nf6 5. O-O Be7 6. Re1 b5 7. Bb3 O-O 
8. a4 b4 9. d4 d6 10. dxe5 Nxe5 11. Nxe5 dxe5 12. Qe2 Bc5 13. Nd2 a5 14. Nc4 Ng4 
15. Ne3 Qf6 16. h3 Nxe3 17. Bxe3 Bd4 18. Bxd4 exd4 19. e5 Qb6 20. Bd5 Rb8 
21. b3 c5 22. Bc4 Qh6 23. Rad1 Rb6 24. Bd3 Qg5 25. Qd2 Qxd2 26. Rxd2 g5 
27. f4 gxf4 28. Rf2 Rh6 29. Rxf4 Be6 30. Kh2 Rc8 31. Ba6 Rc7 32. Bd3 Kf8 
33. g4 c4 34. bxc4 Bxc4 35. Bf5 Be6 36. g5 Bxf5 37. gxh6 Rxc2+ 38. Kg3 Rc3+ 
39. Kf2 Rc2+ 40. Kg3 Rc3+ 41. Kf2 Rc2+ 42. Kg3 1/2-1/2

[Event "Sunday 29 April Rapid Engine Tour 12+1 Rounds 9 Starts 1600 ST"]
[Site "Infinity Chess"]
[Date "2018.4.29"]
[Round "8"]
[White "Deep_Impact"]
[Black "star99"]
[Result "1-0"]
[ECO "C50"]
[WhiteElo "2508"]
[BlackElo "2452"]
[WhiteEngine "asmFishW_2018-04-24_bmi2"]
[BlackEngine "Cryptic Heroes 9.4B"]
[EventType "Swiss"]
[WhiteTeam ""]
[BlackTeam ""]
[PlyCount "171"]
[TimeControl "720+1"]

1. e4 e5 2. Nf3 Nc6 3. Bc4 Bc5 4. O-O Nf6 5. d3 d6 6. c3 O-O 7. Bg5 h6 8. Bh4 g5 
9. Bg3 Na5 10. b4 Nxc4 11. bxc5 Na5 12. Re1 Nh5 13. cxd6 cxd6 14. Nbd2 Nxg3 
15. hxg3 Qc7 16. Rc1 b6 17. Qe2 Kg7 18. Nf1 f5 19. exf5 Bxf5 20. Ne3 Bg6 
21. d4 e4 22. Nd2 Rac8 23. Qb5 Qf7 24. Re2 Qe8 25. a4 Qf7 26. c4 Nc6 27. Nb3 Qf6 
28. a5 bxa5 29. d5 Ne5 30. Nd4 Bf7 31. Nc6 Bh5 32. Ra2 Nd3 33. Rf1 Rf7 
34. Qxa5 Kh7 35. Qd2 Qg7 36. g4 Bg6 37. Qd1 Ra8 38. Qa1 Nc5 39. Rb1 Qxa1 
40. Rbxa1 a6 41. Nd4 Rfa7 42. Nb5 Rd7 43. Ra5 Rc8 44. Nd4 Rb7 45. R1a3 Rd7 
46. Nb3 Nd3 47. Rxa6 Rb8 48. Nd4 Kg8 49. Rc6 Rbd8 50. Ne6 Rb8 51. Raa6 Bf7 
52. Rxd6 Rxd6 53. Rxd6 Bxe6 54. Rxe6 Rb2 55. d6 Rb1+ 56. Kh2 Rb8 57. Re7 Rd8 
58. Nf5 Nc5 59. Rc7 Na6 60. Ra7 Nc5 61. Nxh6+ Kf8 62. Nf7 Rb8 63. Nxg5 Rd8 
64. Rc7 Rxd6 65. Rxc5 e3 66. Rf5+ Kg8 67. fxe3 Rh6+ 68. Kg3 Ra6 69. c5 Kg7 
70. Nf3 Ra3 71. Ne5 Rc3 72. Rf7+ Kg8 73. c6 Rxc6 74. Nxc6 Kxf7 75. Kf4 Kf6 
76. g5+ Kg7 77. Kf5 Kf7 78. Nd4 Kg8 79. Kf6 Kf8 80. g6 Ke8 81. g7 Kd7 
82. g8=Q Kc7 83. Qb3 Kd7 84. Qb7+ Kd8 85. Nc6+ Ke8 86. Qf7# 1-0